 Dungeon Crawl Stone Soup version 0.26-a0-849-gf1512cd430 (webtiles) character file.

Game seed: 12551126675610877198

311584 Peloso the Hoplite (level 20, -2/187 HPs)
             Began as a Minotaur Fighter on Nov 20, 2020.
             Was the Champion of Okawaru.
             Slain by a six-headed hydra (11 damage)
             ... on level 4 of the Swamp.
             The game lasted 02:35:38 (43448 turns).

Peloso the Hoplite (Minotaur Fighter)              Turns: 43448, Time: 02:35:45

Health: -2/187     AC: 22    Str: 35    XL:     20   Next: 76%
Magic:  30/30      EV: 18    Int:  5    God:    Okawaru [******]
Gold:   4688       SH: 31    Dex: 17    Spells: 19/19 levels left

rFire    + . .     SeeInvis +   w - +4 falchion (flame)
rCold    + . .     Faith    .   c - +3 tower shield of Inuepad {MR+ Str+6}
rNeg     . . .     Spirit   .   L - +1 chain mail of Relativism {rPois Dex+3}
rPois    +         Reflect  .   F - +1 hat {SInv}
rElec    +         Harm     .   j - scarf {rC+ rF+}
rCorr    .         Rampage  .   n - +2 pair of gloves {Str+3}
MR       +++..                  Y - +1 pair of boots
Stlth    ..........             A - amulet of regeneration
HPRegen  0.81/turn              y - ring of protection from magic
MPRegen  0.22/turn              P - ring "Wosal" {rElec MP+9}

@: about to teleport, marked, berserk cooldown, slowed, very slow
A: retaliatory headbutt, horns 2, talons 1, sturdy frame 1
}: 1/15 runes: serpentine
a: Heroism, Finesse, Renounce Religion


You were on level 4 of the Swamp.
You worshipped Okawaru.
Okawaru was exalted by your worship.
You visited 7 branches of the dungeon, and saw 35 of its levels.
You visited the Abyss 1 time.
You also visited: Bailey.

You collected 5311 gold pieces.
You spent 623 gold pieces at shops.

Inventory:

Hand Weapons
 a - a +4 demon blade of electrocution
 b - a +5 long sword of holy wrath
 w - a +4 falchion of flaming (weapon)
 Q - the +7 long sword "Vybe" {freeze, rN+ MR+}
   (You found it on level 3 of the Swamp)

   It has been specially enchanted to freeze those struck by it, causing extra
   injury to most foes and up to half again as much damage against particularly
   susceptible opponents.
   It can also slow down cold-blooded creatures.
   It protects you from negative energy.
   It affects your resistance to hostile enchantments.
Armour
 c - the +3 tower shield of Inuepad (worn) {MR+ Str+6}
   (Okawaru gifted it to you on level 4 of the Lair of Beasts)

   It affects your strength (+6).
   It affects your resistance to hostile enchantments.
 j - a scarf of resistance (worn)
 n - a +2 pair of gloves of strength (worn)
 o - the +12 plate armour of Ovuwus {rC+ MR- SInv}
   (You found it on level 1 of the Swamp)

   It protects you from cold.
   It affects your resistance to hostile enchantments.
   It lets you see invisible.
 s - the -6 hat of the Orb {Rampage rN+ Str+4}
   (Okawaru gifted it to you on level 4 of the Snake Pit)

   It affects your strength (+4).
   It protects you from negative energy.
   It bestows one free step when moving towards enemies.
 D - a +2 cloak of magic resistance
 E - +0 swamp dragon scales
 F - a +1 hat of see invisible (worn)
 I - a +1 plate armour of cold resistance
 L - the +1 chain mail of Relativism (worn) {rPois Dex+3}
   (You found it on level 9 of the Dungeon)

   It affects your dexterity (+3).
   It protects you from poison.
 S - a +2 pair of gloves of dexterity
 W - the +2 pair of gloves of Leapfrog {Regen+}
   (Okawaru gifted it to you on level 13 of the Dungeon)

   It increases your rate of regeneration.
 Y - a +1 pair of boots (worn)
Jewellery
 i - a +4 ring of evasion
 l - an uncursed ring of protection from cold
 p - an uncursed ring of protection from magic
 u - an uncursed ring of protection from magic
 x - an uncursed ring of flight
 y - a ring of protection from magic (left hand)
 A - an amulet of regeneration (around neck)
 H - a +6 ring of dexterity
 P - the ring "Wosal" (right hand) {rElec MP+9}
   (You found it on level 4 of the Swamp)

   [ring of magical power]

   It insulates you from electricity.
   It affects your magic capacity (+9).
 U - an uncursed ring of protection from fire
Wands
 t - a wand of flame (14)
 B - a wand of paralysis (27)
 X - a wand of disintegration (14)
 Z - a wand of polymorph (8)
Scrolls
 f - 11 scrolls of teleportation
 g - 2 scrolls of noise
 h - 20 scrolls of remove curse
 k - 12 scrolls of identify
 r - 8 scrolls of immolation
 v - 8 scrolls of magic mapping
 G - a scroll of holy word
 K - a scroll of summoning
 N - 2 scrolls of acquirement
Potions
 d - 8 potions of might
 e - a potion of ambrosia
 m - 6 potions of mutation
 q - 5 potions of curing
 z - a potion of heal wounds
 C - 7 potions of haste
 J - 3 potions of resistance
 M - 2 potions of brilliance
 O - a potion of berserk rage
 R - 2 potions of flight
 T - a potion of invisibility


   Skills:
 + Level 17.8 Fighting
 + Level 0.5(12.1) Short Blades
 + Level 19.3 Long Blades
 + Level 4.6(5.1) Axes
 + Level 0.6(3.0) Maces & Flails
 + Level 2.8(4.2) Polearms
 + Level 0.6(2.0) Staves
 + Level 0.5(0.7) Slings
 + Level 0.5 Bows
 + Level 0.5 Crossbows
 + Level 0.4(0.6) Throwing
 + Level 16.0 Armour
 + Level 11.1 Dodging
 + Level 3.2 Stealth
 + Level 24.9 Shields
 + Level 0.5 Unarmed Combat
 + Level 0.2 Spellcasting
 + Level 0.2 Conjurations
 + Level 0.2 Hexes
 + Level 0.2 Summonings
 + Level 0.2 Necromancy
 + Level 0.5 Translocations
 + Level 0.6 Transmutations
 + Level 0.2 Fire Magic
 + Level 0.5 Ice Magic
 + Level 0.2 Air Magic
 + Level 0.3 Earth Magic
 + Level 0.2 Poison Magic
 + Level 3.5 Invocations
 + Level 2.5 Evocations


You had 19 spell levels left.
You didn't know any spells.
Your spell library contained the following spells:

 Spells                   Type           Power        Failure   Level
 Apportation              Tloc           #.....       65%         1
 Beastly Appendage        Tmut           #.....       65%         1
 Freeze                   Ice            #...         65%         1
 Animate Skeleton         Necr           #.....       67%         1
 Foxfire                  Conj/Fire      #...         67%         1
 Magic Dart               Conj           #...         67%         1
 Pain                     Necr           #...         67%         1
 Summon Small Mammal      Summ           #...         67%         1
 Corona                   Hex            #......      69%         1
 Wereblood                Tmut           #.......     78%         2
 Blink                    Tloc           N/A          80%         2
 Call Imp                 Summ           #.......     82%         2
 Corpse Rot               Necr/Air       N/A          82%         2
 Poisonous Vapours        Pois/Air       #.....       82%         2
 Searing Ray              Conj           #.....       82%         2
 Slow                     Hex            #.......     83%         2
 Frozen Ramparts          Ice            #.....       95%         3
 Gell's Gravitas          Tloc           #.........   95%         3
 Ozocubu's Armour         Ice            #.......     95%         3
 Spider Form              Tmut/Pois      #.........   95%         3
 Confusing Touch          Hex            #.......     96%         3
 Conjure Flame            Conj/Fire      #.......     96%         3
 Dazzling Flash           Conj/Hex       #.....       96%         3
 Inner Flame              Hex/Fire       #.......     96%         3
 Mephitic Cloud           Conj/Pois/Air  #.......     96%         3
 Static Discharge         Conj/Air       #.......     96%         3
 Vampiric Draining        Necr           #.........   96%         3
 Animate Dead             Necr           #.........   100%        4
 Fulminant Prism          Conj/Hex       #.........   100%        4
 Hailstorm                Conj/Ice       #.......     100%        4
 Ice Form                 Ice/Tmut       #.......     100%        4
 Iskenderun's Mystic Bla  Conj/Tloc      #.......     100%        4
 Petrify                  Tmut/Erth      #.......     100%        4
 Sticky Flame             Conj/Fire      #.......     100%        4
 Summon Ice Beast         Ice/Summ       #.......     100%        4
 Agony                    Necr           #.......     100%        5
 Blade Hands              Tmut           #.........   100%        5
 Fireball                 Conj/Fire      #.........   100%        5
 Lightning Bolt           Conj/Air       #.........   100%        5
 Metabolic Englaciation   Hex/Ice        #.........   100%        5
 Summon Forest            Summ/Tloc      #.........   100%        5
 Summon Mana Viper        Hex/Summ       #.......     100%        5
 Yara's Violent Unravell  Hex/Tmut       #.........   100%        5
 Death Channel            Necr           #.........   100%        6
 Freezing Cloud           Conj/Ice/Air   #.........   100%        6
 Shadow Creatures         Summ           N/A          100%        6
 Simulacrum               Ice/Necr       #.........   100%        6
 Ignition                 Fire           #.........   100%        8
 Shatter                  Erth           #.........   100%        9
 Tornado                  Air            #.........   100%        9


Dungeon Overview and Level Annotations

Branches:
Dungeon (15/15)            Temple (1/1) D:4            Lair (6/6) D:10
  Swamp (4/4) Lair:4        Snake (4/4) Lair:3        Slime (0/5) Lair:6
    Orc (2/2) D:12            Elf (3/3) Orc:2        Vaults (0/5) D:13
 Depths (0/5) D:15         Bailey (visited)

Altars:
Ashenzari
Cheibriados
Dithmenos
Elyvilon
Fedhas
Gozag
Hepliaklqana
Kikubaaqudgha
Makhleb
Nemelex Xobeh
Okawaru
Qazlal
Ru
Sif Muna
Trog
Uskayaw
Vehumet
Wu Jian
Xom
Yredelemnul
Zin
The Shining One
Beogh
Jiyva

Shops:
D:6 ?   D:9 (   D:11 [:   D:14 [   Orc:1 :   Orc:2 }((?   Elf:1 :   Snake:1 *

Annotations:
D:15 2 transporters, Ignak's ghost, adept GnWz
Lair:3 2 transporters, Ysishiw's ghost, journeyman GnAK
Swamp:4 2 transporters, Riddle's ghost, adept FoCK
Orc:2 Casa


Innate Abilities, Weirdness & Mutations

You reflexively headbutt those who attack you in melee.
You have a pair of horns on your head.
You have sharp toenails.
Your movements are slightly less encumbered by armour. (ER -2)


Message History

The five-headed hydra is almost dead.
The five-headed hydra misses you.
The five-headed hydra barely misses you.
The five-headed hydra bites you but does no damage. x2
The six-headed hydra barely misses you. The six-headed hydra bites you!
* * * LOW HITPOINT WARNING * * *
The six-headed hydra bites you but does no damage.
The six-headed hydra barely misses you.
The six-headed hydra completely misses you.
The six-headed hydra bites you but does no damage.
The swamp dragon barely misses you. You furiously retaliate!
You headbutt the swamp dragon!!
You riposte.
You hit the swamp dragon. You burn the swamp dragon.
Your headbutt misses the swamp dragon.
The swamp dragon is heavily wounded.
You block the swamp dragon's attack.
The swamp dragon tramples you but does no damage.
The six-headed hydra bites you.
* * * LOW HITPOINT WARNING * * *
The six-headed hydra bites you!
You die...

........♣♣♣.♣≈...♣♣
..≈≈≈≈.....≈..≈≈≈.♣♣
♣.≈§§≈.....≈≈...≈♣.♣♣
♣♣≈≈≈≈§.♣...♣...§§.≈♣♣
≈≈.≈≈≈..♣♣≈♣♣≈..^≈...♣♣
...≈≈≈.♣♣♣♣♣♣.≈≈[...≈.♣
≈.≈≈≈≈≈.♣♣ ♣≈♣..≈≈...♣♣
.≈...≈..≈♣♣..#.DDD≈§.♣♣
#...≈...♣≈♣≈≈≈wD@.....♣
.....≈.≈♣♣≈≈.♣kDD≈.≈.♣♣
≈≈≈≈♣.^♣♣♣♣...#≈≈≈#≈≈♣
≈≈♣♣≈≈...♣♣♣#≈≈♣≈≈≈≈≈♣
≈≈♣♣....#.♣ ≈≈≈♣≈≈≈≈§♣
♣♣♣.#≈.≈# .♣♣♣♣♣♣≈≈≈≈♣
♣ ♣≈#.)## ♣ ♣♣#≈♣♣
.###†## ♣♣ ♣≈##≈(≈#


You could see 2 six-headed hydras, 2 five-headed hydras, a four-headed hydra, a
swamp dragon, a swamp worm and a swamp drake.

Vanquished Creatures
  Bai Suzhen (Snake:4)
  the Lernaean hydra (Swamp:4)
  Nikola (Swamp:1)
  Asterion (Elf:3)
  2 deep elf blademasters (Elf:3)
  2 deep elf master archers (Elf:2)
  Frances (D:12)
  An Executioner (Abyss:2)
  4 sphinxes (Elf:2)
  8 nagarajas
  5 deep elf sorcerers
  Louise (D:14)
  5 deep elf elementalists
  The ghost of amb the Severer, a journeyman MiBe of Trog (Swamp:1)
  A stone giant (Orc:1)
  The ghost of Acosmix the Slicer, a journeyman GrFi of Okawaru (Lair:5)
  4 deep elf demonologists
  10 deep elf annihilators
  4 bunyips
  Azrael (Snake:2)
  5 eleionomae
  Snorg (Lair:5)
  7 fire dragons
  Josephine (Snake:1)
  2 deep elf high priests (Elf:3)
  5 ogre magi
  8 deep elf death magi
  A great orb of eyes (Abyss:2)
  8 vault guards (D:13)
  2 ghost crabs (Swamp:4)
  5 boulder beetles
  17 hydras
  9 naga warriors
  3 centaur warriors
  20 two-headed ogres
  9 alligators
  9 death yaks
  15 anacondas
  21 dancing weapons
  5 shock serpents
  A tengu warrior (D:14)
  21 naga sharpshooters
  Urug (Lair:2)
  A wretched star (Abyss:2)
  11 deep elf knights
  Nergalle (Lair:4)
  3 goliath frogs
  2 salamander mystics
  7 naga ritualists
  7 sea snakes
  An unseen horror (D:9)
  A lindwurm (Lair:6)
  3 bog bodies
  A wizard (D:15)
  6 swamp dragons
  A spriggan druid (Swamp:2)
  10 deep elf archers
  A harpy (Elf:2)
  13 mana vipers
  An orc knight (Orc:1)
  A harpy (shapeshifter) (D:15)
  14 ugly things
  An orc sorcerer (Orc:1)
  56 deep elf magi
  5 manticores
  6 cyclopes
  6 will-o-the-wisps
  10 salamanders
  A worldbinder (Abyss:2)
  13 elephants
  38 black mambas
  16 guardian serpents
  An apocalypse crab (Abyss:2)
  An ice statue (D:7)
  A rust devil (Abyss:2)
  6 torpor snails
  2 centaur skeletons
  25 naga magi
  12 cane toads
  10 komodo dragons
  8 rime drakes
  2 kobold demonologists (D:15)
  A redback zombie (D:15)
  A yaktaur (D:15)
  A tengu conjurer (D:14)
  A polar bear (shapeshifter) (D:14)
  5 trolls
  3 polar bears
  8 tyrant leeches
  Grinder (D:3)
  A wind drake (shapeshifter) (D:15)
  14 hornets
  A snapping turtle (shapeshifter) (Elf:3)
  15 blink frogs
  A meliai zombie (D:14)
  A large abomination (Abyss:2)
  An air elemental (Elf:1)
  4 shadows
  4 starcursed masses (Abyss:2)
  5 spriggans
  4 water elementals
  7 wraiths
  46 yaks
  A centaur simulacrum (D:15)
  2 wyverns
  4 basilisks
  7 fire elementals
  9 vampire mosquitoes
  A warg (Orc:2)
  54 nagas
  13 swamp worms
  6 hell hounds (Elf:2)
  The ghost of Virtue the Digger, an amateur GrEE (D:3)
  Duvessa (D:4)
  9 water moccasins
  6 swamp drakes
  10 ice beasts
  18 orc warriors
  5 black bears
  4 sky beasts
  2 black mamba simulacra (Lair:5)
  3 necrophages
  5 phantoms
  14 wolves
  9 centaurs
  27 ogres
  A manticore skeleton (Abyss:2)
  A big kobold (D:15)
  15 bullfrogs
  A gnoll sergeant (D:13)
  3 earth elementals
  A cane toad simulacrum (Lair:5)
  Dowan (D:4)
  3 small abominations
  4 scorpions
  A dream sheep simulacrum (Lair:5)
  A lindwurm simulacrum (Lair:5)
  3 howler monkeys
  14 wights
  13 electric eels
  A crimson imp (Orc:2)
  4 centaur zombies
  2 bullfrog zombies
  A komodo dragon simulacrum (Lair:5)
  4 jellies
  4 hounds
  14 orc priests
  3 iron imps
  21 orc wizards
  5 iguanas
  Jessica (D:2)
  A bullfrog skeleton (D:9)
  Terence (D:2)
  Natasha (thrice) (D:3)
  A hell rat (D:10)
  14 worker ants
  2 hound zombies
  A howler monkey zombie (D:5)
  Robin (D:1)
  33 gnolls
  A howler monkey skeleton (D:4)
  12 adders
  3 river rats (D:10)
  2 shadow imps
  3 white imps
  2 ufetubi
  5 oozes
  3 adder skeletons
  3 worms
  A dart slug (D:3)
  8 leopard geckos
  82 orcs
  3 giant cockroaches
  24 goblins
  20 hobgoblins
  15 jackals
  2 quokkas (D:3)
  A ball python (D:1)
  7 bats
  4 frilled lizards
  A jackal zombie (D:5)
  18 kobolds
  A quokka zombie (D:9)
  11 rats
1283 creatures vanquished.

Vanquished Creatures (others)
  A bunyip (Swamp:4)
  3 deep elf knights
  A goliath frog (Swamp:4)
  3 bloated husks
  2 hell hounds (Snake:2)
  A swamp drake (Swamp:4)
  An electric eel (Snake:2)
  An orc (Orc:2)
  42 foxfires
  13 fungi
  43 plants
  5 starspawn tentacles (Abyss:2)
116 creatures vanquished.

Grand Total: 1399 creatures vanquished

Notes
Turn   | Place    | Note
-------+----------+-------------------------------------------
     0 | D:1      | Peloso the Minotaur Fighter began the quest for the Orb.
     0 | D:1      | Reached XP level 1. HP: 19/19 MP: 0/0
   125 | D:1      | Reached XP level 2. HP: 22/27 MP: 1/1
   752 | D:1      | Reached skill level 4 in Shields
   810 | D:1      | Reached XP level 3. HP: 33/33 MP: 2/2
  1121 | D:2      | Noticed Robin
  1268 | D:1      | Killed Robin
  1409 | D:2      | Reached XP level 4. HP: 33/40 MP: 3/3
  1503 | D:2      | Found a blossoming altar of Fedhas.
  1578 | D:2      | Noticed Terence
  1820 | D:2      | Killed Terence
  1821 | D:2      | Reached skill level 5 in Armour
  1911 | D:2      | Reached XP level 5. HP: 29/46 MP: 4/4
  2146 | D:2      | Noticed Jessica
  2149 | D:2      | Killed Jessica
  2150 | D:2      | Reached skill level 5 in Shields
  2963 | D:3      | Reached skill level 1 in Dodging
  2995 | D:3      | Reached XP level 6. HP: 52/52 MP: 5/5
  3386 | D:3      | Found a runed translucent gate.
  3386 | D:3      | Found a runed translucent gate.
  3387 | D:3      | Found a runed translucent gate.
  3387 | D:3      | Noticed Virtue's ghost (amateur GrEE)
  3394 | D:3      | Found a roughly hewn altar of Beogh.
  3492 | D:3      | Noticed Grinder
  3519 | D:3      | Paralysed by something for 3 turns
  3530 | D:3      | Killed Grinder
  3531 | D:3      | Reached skill level 5 in Long Blades
  3715 | D:3      | Noticed Natasha
  3736 | D:3      | Killed Natasha
  3737 | D:3      | Reached XP level 7. HP: 46/60 MP: 6/6
  3827 | D:3      | Found a faded altar of an unknown god.
  3931 | D:3      | Noticed Natasha
  3939 | D:3      | Killed Natasha
  3940 | D:3      | Reached skill level 6 in Shields
  4003 | D:3      | Noticed Natasha
  4022 | D:3      | Killed Natasha
  4241 | D:4      | Reached skill level 1 in Evocations
  4254 | D:4      | Found a transporter.
  4477 | D:4      | Found a transporter.
  4501 | D:4      | Found a staircase to the Ecumenical Temple.
  4504 | D:4      | Noticed Duvessa
  4504 | D:4      | Noticed Dowan
  4509 | Temple   | Entered the Ecumenical Temple
  4525 | D:4      | Killed Duvessa
  4526 | D:4      | Reached skill level 5 in Fighting
  4842 | D:4      | Killed Dowan
  5198 | D:5      | Entered Level 5 of the Dungeon
  5461 | D:5      | Reached XP level 8. HP: 68/68 MP: 7/7
  5476 | D:5      | Gained mutation: Your body sometimes deteriorates upon
                  | taking damage. [mutagenic glow]
  5477 | D:5      | Lost mutation: Your body sometimes deteriorates upon taking
                  | damage. [potion of mutation]
  5477 | D:5      | Gained mutation: You have sharp toenails. [potion of
                  | mutation]
  5477 | D:5      | Gained mutation: Your movements are slightly less
                  | encumbered by armour. (ER -2) [potion of mutation]
  6147 | D:6      | Reached skill level 7 in Shields
  6401 | D:6      | Found Uhaont's Magic Scroll Shoppe.
  6406 | D:6      | Bought a scroll of magic mapping for 49 gold pieces
  6406 | D:6      | Bought a scroll of random uselessness for 14 gold pieces
  6594 | D:6      | Reached skill level 8 in Shields
  6611 | D:6      | Reached XP level 9. HP: 57/74 MP: 8/8
  6701 | D:6      | Found a shimmering altar of Xom.
  8043 | D:7      | Noticed an ice statue
  8515 | D:8      | Found a hide-covered altar of Uskayaw.
  8515 | D:8      | Found an iron altar of Okawaru.
  8518 | D:8      | Found a glowing silver altar of Zin.
  8540 | D:8      | Became a worshipper of Warmaster Okawaru
  8882 | D:9      | Reached skill level 10 in Long Blades
  8911 | D:9      | Found Fyciaqa's Antique Weapon Emporium.
  9004 | D:9      | Found a flagged portal.
  9034 | Bailey   | Entered a bailey
  9368 | Bailey   | Reached skill level 9 in Shields
  9520 | D:9      | Reached XP level 10. HP: 88/88 MP: 9/9
  9531 | D:9      | Reached * piety under Okawaru
  9809 | D:9      | Got a faintly humming chain mail
  9820 | D:9      | Identified the +1 chain mail of Relativism {rPois Dex+3}
                  | (You found it on level 9 of the Dungeon)
  9873 | D:9      | Killed an unseen horror
  9973 | D:9      | Reached ** piety under Okawaru
 10397 | D:3      | Killed Virtue's ghost
 10646 | D:7      | Killed an ice statue
 10825 | D:10     | Entered Level 10 of the Dungeon
 11037 | D:10     | Noticed a death yak
 11063 | D:10     | Killed a death yak
 11063 | D:10     | Reached *** piety under Okawaru
 11064 | D:10     | Reached skill level 10 in Shields
 11068 | D:10     | Noticed a death yak
 11088 | D:10     | Killed a death yak
 11096 | D:10     | Reached **** piety under Okawaru
 11159 | D:10     | Found a staircase to the Lair.
 11165 | D:10     | Noticed a death yak
 11185 | D:10     | Killed a death yak
 11185 | D:10     | Received a gift from Okawaru
 11186 | D:10     | Reached skill level 10 in Armour
 11186 | D:10     | Reached XP level 11. HP: 69/97 MP: 10/10
 11609 | D:10     | Reached ***** piety under Okawaru
 11909 | D:11     | Noticed a six-headed hydra
 11909 | D:11     | Noticed a two-headed ogre
 11918 | D:11     | Killed a four-headed hydra
 11927 | D:11     | Killed a two-headed ogre
 11928 | D:11     | Reached skill level 10 in Fighting
 11966 | D:11     | Received a gift from Okawaru
 12106 | D:11     | Reached skill level 1 in Invocations
 12118 | D:11     | Found Usheon's Armour Shop.
 12118 | D:11     | Noticed a cyan ugly thing
 12236 | D:11     | Found Rigoibluhi's Book Boutique.
 12266 | D:11     | Reached skill level 1 in Axes
 12313 | D:11     | Noticed a boulder beetle
 12328 | D:11     | Killed a boulder beetle
 12329 | D:11     | Reached skill level 11 in Shields
 12559 | D:11     | Killed a cyan ugly thing
 12629 | Lair:1   | Entered Level 1 of the Lair of Beasts
 12660 | Lair:1   | Reached ****** piety under Okawaru
 12724 | Lair:1   | Noticed a four-headed hydra
 12734 | Lair:1   | Killed a one-headed hydra
 12735 | Lair:1   | Reached XP level 12. HP: 79/108 MP: 11/11
 13424 | D:12     | Received a gift from Okawaru
 13425 | D:12     | Reached skill level 1 in Stealth
 13471 | D:12     | Noticed a boulder beetle
 13507 | D:12     | Killed a boulder beetle
 13513 | D:12     | Noticed Frances
 13835 | Lair:2   | You fall into a shaft and drop 2 floors!
 14050 | Lair:3   | Noticed a seven-headed hydra
 14051 | Lair:3   | Noticed Ysishiw's ghost (journeyman GnAK)
 14052 | Lair:3   | Found a transporter.
 14055 | Lair:3   | Found a transporter.
 14105 | Lair:3   | Reached skill level 12 in Shields
 14173 | Lair:3   | Reached skill level 5 in Dodging
 14254 | Lair:3   | Found a staircase to the Snake Pit.
 14395 | Lair:3   | Reached XP level 13. HP: 86/116 MP: 13/13
 14593 | Lair:3   | Received a gift from Okawaru
 15305 | Lair:2   | Noticed Urug
 15460 | Lair:3   | Reached skill level 15 in Long Blades
 15572 | Lair:2   | Killed Urug
 15573 | Lair:2   | Reached skill level 13 in Shields
 16111 | Lair:4   | Found a staircase to the Swamp.
 16359 | Lair:4   | Noticed Nergalle
 16365 | Lair:4   | Killed Nergalle
 16374 | Lair:4   | Received a gift from Okawaru
 16383 | Lair:4   | Got a masterwork tower shield {god gift}
 16390 | Lair:4   | Identified the +3 tower shield of Inuepad {MR+ Str+6}
                  | (Okawaru gifted it to you on level 4 of the Lair of Beasts)
 16899 | D:12     | Killed Frances
 17084 | D:12     | Found a staircase to the Orcish Mines.
 17426 | Orc:1    | Entered Level 1 of the Orcish Mines
 17426 | Orc:1    | Found a roughly hewn altar of Beogh.
 17456 | Orc:1    | Noticed a stone giant
 17465 | Orc:1    | Killed a stone giant
 17585 | Orc:1    | Found Xyeheenu's Book Shop.
 17659 | Orc:2    | Entered Level 2 of the Orcish Mines
 18300 | Orc:2    | Found Zaen's Magic Scroll Shoppe.
 18300 | Orc:2    | Found Toryamuf's Antique Weapon Shop.
 18339 | Orc:2    | Found a staircase to the Elven Halls.
 18375 | Orc:2    | Reached skill level 14 in Shields
 18399 | Orc:2    | Reached XP level 14. HP: 101/127 MP: 14/14
 18414 | Orc:2    | Received a gift from Okawaru
 18737 | Orc:2    | Reached skill level 15 in Shields
 18904 | Orc:2    | Found Afonuria's Gadget Emporium.
 18905 | Orc:2    | Found Dett's Antique Weapon Shop.
 19273 | Orc:1    | Found a runed translucent door.
 19514 | Orc:1    | Found a roughly hewn altar of Beogh.
 19745 | D:13     | Received a gift from Okawaru
 19748 | D:13     | Got a pair of shimmering gloves {god gift}
 19759 | D:13     | Identified the +2 pair of gloves of Leapfrog {Regen+}
                  | (Okawaru gifted it to you on level 13 of the Dungeon)
 19785 | D:13     | Found a gate to the Vaults.
 19816 | D:13     | Reached skill level 16 in Shields
 20648 | D:14     | Reached XP level 15. HP: 33/136 MP: 15/15
 20835 | D:14     | Found Reozisoe's Antique Armour Shop.
 20854 | D:14     | Identified 3 scrolls of acquirement
 21093 | D:14     | Noticed Louise
 21104 | D:14     | Killed Louise
 21243 | D:15     | Entered Level 15 of the Dungeon
 21346 | D:15     | Received a gift from Okawaru
 21347 | D:15     | Reached skill level 17 in Shields
 21438 | D:15     | Found a staircase to the Depths.
 21571 | D:15     | Found a transporter.
 21595 | D:15     | Found a transporter.
 21603 | D:15     | Noticed Ignak's ghost (adept GnWz)
 23808 | Lair:5   | Reached skill level 1 in Polearms
 24044 | Lair:5   | Found a runed translucent gate.
 24044 | Lair:5   | Found a runed translucent gate.
 24090 | Lair:5   | Found a runed translucent gate.
 24119 | Lair:5   | Noticed Snorg
 24130 | Lair:5   | Killed Snorg
 24277 | Lair:5   | Noticed Acosmix's ghost (journeyman GrFi)
 24803 | Lair:5   | Killed Acosmix's ghost
 24804 | Lair:5   | Reached skill level 18 in Shields
 24874 | Lair:6   | Entered Level 6 of the Lair of Beasts
 24874 | Lair:6   | Found a viscous altar of Jiyva.
 25025 | Lair:6   | Received a gift from Okawaru
 25034 | Lair:6   | Found a staircase to the Slime Pits.
 25595 | Lair:6   | Found a runed translucent door.
 25666 | Lair:6   | Reached XP level 16. HP: 147/147 MP: 16/16
 25856 | Lair:6   | Reached XP level 17. HP: 154/154 MP: 17/17
 26102 | Elf:1    | Entered Level 1 of the Elven Halls
 26178 | Elf:1    | Received a gift from Okawaru
 26274 | Elf:1    | Reached skill level 19 in Shields
 26474 | Elf:1    | Found Ochuz's One-of-a-Kind Books.
 26560 | Elf:1    | Identified the Compendium of the Escort
 26991 | Elf:3    | Entered Level 3 of the Elven Halls
 27192 | Elf:2    | Reached skill level 15 in Fighting
 27210 | Elf:2    | Received a gift from Okawaru
 27258 | Elf:2    | Reached skill level 20 in Shields
 27561 | Elf:2    | Found a runed translucent gate.
 27561 | Elf:2    | Found a runed translucent gate.
 27561 | Elf:2    | Found a runed translucent gate.
 27620 | Elf:2    | Noticed a Brimstone Fiend
 28016 | Elf:2    | Received a gift from Okawaru
 28451 | Elf:2    | Reached XP level 18. HP: 162/163 MP: 19/19
 28544 | Elf:2    | Cast into level 2 of the Abyss (+1 glaive of distortion)
 28548 | Abyss:2  | Found a corrupted altar of Lugonu.
 28875 | Elf:2    | Escaped the Abyss
 28928 | Elf:2    | Reached skill level 10 in Dodging
 29530 | Elf:3    | Noticed Asterion
 29554 | Elf:3    | Killed Asterion
 29563 | Elf:3    | Reached skill level 21 in Shields
 29964 | Elf:3    | Acquired 969 gold pieces
 30564 | Elf:3    | Received a gift from Okawaru
 30679 | Elf:3    | Identified the +8 flail "Woakheill" {flame, +Fly rElec
                  | rPois Str-2 Dex+8}
 30679 | Elf:3    | Identified the +1 robe of Knowledge {Rampage}
 31193 | Elf:3    | Noticed an Ice Fiend
 31454 | Elf:3    | Noticed a Brimstone Fiend
 31703 | Elf:3    | Reached skill level 15 in Armour
 31847 | Elf:3    | Got a bound wooden ring
 31874 | Elf:3    | Identified the cursed +0 long sword "Hiant" {elec, rC+
                  | MR++} (You found it on level 3 of the Elven Halls)
 31876 | Elf:3    | Identified the ring of the Gastropod {*Tele rF+ Str+4} (You
                  | found it on level 3 of the Elven Halls)
 31881 | Elf:3    | Identified the +4 scimitar of the Black Skies {drain, +Fly}
                  | (You found it on level 3 of the Elven Halls)
 31890 | Elf:3    | Identified Sif Muna's Volume of Poisonous Evil
 32036 | Elf:3    | Identified the Reference Book on Evil Magic
 32039 | Elf:3    | Got a warped cloak
 32050 | Elf:3    | Identified the +1 cloak of Mumblety Peg {*Drain rElec
                  | Int+2} (You found it on level 3 of the Elven Halls)
 32499 | Elf:3    | Got a crude trident
 32507 | Elf:3    | Identified the +6 halberd of Xom's Displeasure {vorpal,
                  | Str+2 Stlth+} (You found it on level 3 of the Elven Halls)
 32575 | Elf:3    | Lost intelligence.
 32575 | Elf:3    | Identified the +0 trident "Gydostump" {venom, rF+ MR+ Str+4
                  | Int-5} (You found it on level 3 of the Elven Halls)
 32814 | Swamp:1  | Entered Level 1 of the Swamp
 32814 | Swamp:1  | Found a runed translucent gate.
 32814 | Swamp:1  | Found a runed translucent gate.
 32814 | Swamp:1  | Found a runed translucent gate.
 32814 | Swamp:1  | Noticed amb's ghost (journeyman MiBe)
 32841 | Swamp:1  | Found a shimmering altar of Xom.
 32856 | Swamp:1  | Received a gift from Okawaru
 32880 | Swamp:1  | Reached skill level 22 in Shields
 33111 | Swamp:1  | Reached XP level 19. HP: 174/174 MP: 20/20
 33235 | Swamp:1  | Noticed Nikola
 33258 | Swamp:1  | Killed Nikola
 33960 | Swamp:1  | Killed amb's ghost
 33966 | Swamp:1  | Got a masterwork plate armour
 33977 | Swamp:1  | Identified the +12 plate armour of Ovuwus {rC+ MR- SInv}
                  | (You found it on level 1 of the Swamp)
 34581 | Swamp:2  | Received a gift from Okawaru
 34920 | Snake:1  | Entered Level 1 of the Snake Pit
 35139 | Snake:1  | Found an ancient bone altar of Kikubaaqudgha.
 35291 | Snake:1  | Noticed Josephine
 35297 | Snake:1  | Killed Josephine
 35528 | Snake:1  | Found Heharph's Assorted Antiques.
 35536 | Snake:1  | Bought a scroll of brand weapon for 560 gold pieces
 36124 | Snake:2  | Noticed Azrael
 36310 | Snake:2  | Killed Azrael
 36502 | Snake:2  | Reached skill level 23 in Shields
 37797 | Snake:4  | Entered Level 4 of the Snake Pit
 37857 | Snake:4  | Received a gift from Okawaru
 39041 | Snake:4  | Noticed Bai Suzhen
 39173 | Snake:3  | Reached XP level 20. HP: 160/184 MP: 21/21
 39980 | Snake:4  | Killed Bai Suzhen
 40134 | Snake:4  | Reached skill level 24 in Shields
 40375 | Snake:4  | Received a gift from Okawaru
 40378 | Snake:4  | Got a crude hat {god gift}
 40398 | Snake:4  | Identified the -6 hat of the Orb {Rampage rN+ Str+4}
                  | (Okawaru gifted it to you on level 4 of the Snake Pit)
 41409 | Snake:4  | Got a serpentine rune of Zot
 42140 | Swamp:3  | Identified the +7 long sword "Vybe" {freeze, rN+ MR+} (You
                  | found it on level 3 of the Swamp)
 42591 | Swamp:4  | Entered Level 4 of the Swamp
 42716 | Swamp:4  | Got an ancient marble ring
 42736 | Swamp:3  | Identified the ring "Wosal" {rElec MP+9} (You found it on
                  | level 4 of the Swamp)
 42805 | Swamp:4  | Noticed Riddle's ghost (adept FoCK)
 42806 | Swamp:4  | Found a transporter.
 42825 | Swamp:4  | Found a transporter.
 43239 | Swamp:4  | Received a gift from Okawaru
 43434 | Swamp:4  | Noticed the 27-headed Lernaean hydra
 43445 | Swamp:4  | Killed the 23-headed Lernaean hydra
 43448 | Swamp:4  | HP: 9/187 [six-headed hydra (5)]
 43448 | Swamp:4  | Slain by a six-headed hydra

Illustrated notes

Levels and vault maps discovered:
D:1:      onia_arrival_handbag, layout_loops_corners
D:2:      cheibrodos_greedy_goblins, layout_loops_ring, lemuel_crystal_altar,
          kennysheep_another_room, uniq_terence, uniq_robin, uniq_jessica
D:3:      layout_loops_ring, biasface_ghost_orc_armoury,
          chequers_ecumenical_altar_simple, uniq_natasha, uniq_grinder
D:4:      gammafunk_steamed_eel, layout_rooms, minmay_temple_entry_sparse_star,
          lemuel_another_geyser, uniq_duvessa
D:5:      layout_basic
D:6:      layout_loops_ring, xom_butterflies, serial_shops,
          kennysheep_little_box, skrybe_limestone_x
D:7:      lemuel_ice_statue, layout_layer_cave, minmay_holes
D:8:      layout_loops_cross, gammafunk_temple_overflow_claw
D:9:      layout_basic, enter_bailey_2, serial_shops, kennysheep_mini_moat,
          st_stairs_6
D:10:     layout_basic, dpeg_lair_monsters
D:11:     layout_roguey, serial_shops, nicolae_shop_waterfront,
          kennysheep_windowed_goal
D:12:     layout_cave_pools, uniq_frances
D:13:     layout_irregular_city, erik_vaults_2
D:14:     layout_roguey, serial_shops, shop, minmay_misc_feat_five,
          kennysheep_generic_room_13, uniq_louise
D:15:     grunt_enter_depths_magical_seal, layout_irregular_city,
          serial_bayou_pond_d, gammafunk_ghost_mausoleum,
          minmay_tree_intersection
Temple:   bh_familiar_temple
Lair:1:   layout_chaotic_city, grunt_megastairs_4, lemuel_fruit_tree
Lair:2:   layout_cave_pods, uniq_urug
Lair:3:   layout_chaotic_city, guppyfry_snake_entry_island,
          gammafunk_ghost_arena
Lair:4:   layout_gridlike, swamp_mist_pool, uniq_nergalle
Lair:5:   layout_cave_pods, gammafunk_ghost_icy, st_stairs_10, uniq_snorg
Lair:6:   wormcave, layout_misc_corridors, slime_altar_1,
          infiniplex_staircase_pool_2
Swamp:1:  layout_basic_swamp, ebering_ghost_rock_garden, nicolae_swamp_godswood,
          uniq_nikola
Swamp:2:  layout_basic_swamp, serial_swamp_ruin, evilmike_swamp_ruin_house_1,
          hangedman_swamp_ruin_hall, evilmike_swamp_ruin_house_6, swamp_pool1
Swamp:3:  layout_falls_marsh, evilmike_swamp_ruin_house_4, swamp_pool1
Swamp:4:  swamp_old_school, layout_basic_swamp, gammafunk_ghost_arena,
          infiniplex_staircase_pool, uniq_donald
Snake:1:  layout_grid_shapes, basic_altar, serial_shops, nicolae_shop_trees,
          nicolae_coiled_stairwell_down, uniq_josephine
Snake:2:  layout_basic, abandoned_shop, serial_bayou_shore_a, uniq_azrael
Snake:3:  layout_chambers
Snake:4:  grunt_snake_rune_serpentine_throne, layout_cave_town,
          serial_bayou_pond_b, grunt_ministairs_2, nicolae_snake_linked_coils,
          nicolae_snake_serpentine_hallways, drop_trap, st_stairs_14,
          uniq_bai_suzhen
Orc:1:    layout_diamond_mine, basic_altar, serial_shops, shop,
          lightli_church_of_beogh
Orc:2:    st_orc_ogre_mass, layout_diamond_mine, statue_in_the_mist_lemuel,
          hangedman_minor_magic
Elf:1:    minmay_elf_arrival_plus, layout_loops_cross, minmay_elf_demonology,
          nicolae_rare_books
Elf:2:    layout_geoelf_grid, special_room [special_room_mythical_zoo], hex_tiny
Elf:3:    elf_hall, layout_loops_ring, serial_glass, glass_columns_a,
          glass_columns_b, roderic_lattice_octagonal_star, uniq_asterion

Skill      XL: |  1  2  3  4  5  6  7  8  9 10 11 12 13 14 15 16 17 18 19 20 |
---------------+-------------------------------------------------------------+-----
Armour         | 4 5 6 8 10 12 13 14 15 16 | 16.0
Shields        | 4 5 6 8 9 10 11 12 14 16 18 20 22 23 24 | 24.9
Long Blades    | 3 4 5 6 8 10 12 13 14 15 16 17 18 19 | 19.3
Fighting       | 4 5 8 9 10 11 12 13 14 15 16 17 | 17.8
Dodging        | 1 2 3 5 6 7 8 9 10 11 | 11.1
Evocations     | 1 2 |  2.5
Invocations    | 1 2 3 |  3.5
Axes           | 1 2 4 |  4.6
Stealth        | 1 2 3 |  3.2
Polearms       | 1 2 |  2.8
Short Blades   | |  0.5
Maces & Flails | |  0.6
Staves         | |  0.6
Slings         | |  0.5
Bows           | |  0.5
Crossbows      | |  0.5
Throwing       | |  0.4
Unarmed Combat | |  0.5
Spellcasting   | |  0.2
Conjurations   | |  0.2
Hexes          | |  0.2
Summonings     | |  0.2
Necromancy     | |  0.2
Translocations | |  0.5
Transmutations | |  0.6
Fire Magic     | |  0.2
Ice Magic      | |  0.5
Air Magic      | |  0.2
Earth Magic    | |  0.3
Poison Magic   | |  0.2

Action                   |  1- 3 |  4- 6 |  7- 9 | 10-12 | 13-15 | 16-18 | 19-21 || total
-------------------------+-------+-------+-------+-------+-------+-------+-------++-------
Melee: Long sword        |   115 |   208 |   450 |   130 |   367 |   945 |    15 ||  2230
       Headbutt          |    12 |    33 |    81 |   181 |   391 |   423 |   387 ||  1508
       Kick              |       |       |   126 |   294 |   273 |       |       ||   693
       Scimitar          |       |       |       |   469 |   677 |       |       ||  1146
       Broad axe         |       |       |       |    10 |    23 |       |       ||    33
       Spear             |       |       |       |       |    21 |    23 |       ||    44
       Demon blade       |       |       |       |       |       |   293 |   892 ||  1185
       Falchion          |       |       |       |       |       |    12 |   323 ||   335
Invok: Heroism           |       |       |       |     5 |     8 |    18 |    10 ||    41
       Finesse           |       |       |       |       |       |       |     1 ||     1
 Abil: Evoke Flight      |       |       |       |     2 |       |       |       ||     2
Evoke: Wand              |       |    11 |     2 |    11 |       |       |       ||    24
  Use: Potion            |     3 |       |     3 |     1 |     3 |     3 |    13 ||    26
       Scroll            |       |     4 |    14 |     1 |     4 |    15 |     9 ||    47
 Stab: Distracted        |       |       |       |       |       |     1 |       ||     1
       Confused          |       |       |       |       |       |       |     4 ||     4
Armor: Scale mail        |     5 |       |       |       |       |       |       ||     5
       Chain mail        |    79 |   104 |   110 |   116 |   202 |   203 |    75 ||   889
       Plate armour      |       |       |    77 |    68 |       |       |   414 ||   559
Dodge: Dodged            |    15 |    43 |   109 |   177 |   310 |   346 |   422 ||  1422
Block: Kite shield       |    71 |   117 |   277 |   325 |   102 |       |       ||   892
       Tower shield      |       |       |       |       |  1118 |  1268 |  1756 ||  4142
       Rpst.: Long sword |     2 |    11 |    28 |     9 |    20 |    46 |       ||   116
       Scimitar          |       |       |       |    37 |    34 |       |       ||    71
       Demon blade       |       |       |       |       |       |     6 |    46 ||    52
       Falchion          |       |       |       |       |       |     1 |    15 ||    16

Table legend: (Time is in decaauts)
 A = Elapsed time spent in this place.
 B = Non-inter-level travel time spent in this place.
 C = Inter-level travel time spent in this place.
 D = Time resting spent in this place.
 E = Time spent auto-exploring this place.
 F = Levels seen in this place.
 G = Mean time per level.
                   A        B        C        D        E       F      G
               +--------+--------+--------+--------+--------+-----+--------+
         Total |  42768 |  39160 |   3608 |   4213 |  21724 |  37 | 1155.9 |
       Dungeon |  16181 |  14693 |   1488 |    684 |  10033 |  15 | 1078.7 |
        Temple |    310 |    310 |      0 |      0 |    243 |   1 |  310.0 |
          Lair |   6735 |   5748 |    987 |    380 |   3908 |   6 | 1122.5 |
         Swamp |   3231 |   3070 |    161 |    449 |   1573 |   4 |  807.8 |
     Snake Pit |   6213 |   5921 |    292 |   1205 |   3001 |   4 | 1553.2 |
  Orcish Mines |   3634 |   3265 |    369 |    247 |   1103 |   2 | 1817.0 |
   Elven Halls |   5689 |   5381 |    308 |   1122 |   1585 |   3 | 1896.3 |
         Abyss |    315 |    315 |      0 |      0 |    153 |   1 |  315.0 |
        Bailey |    456 |    456 |      0 |    126 |    124 |   1 |  456.0 |
               +--------+--------+--------+--------+--------+-----+--------+

Top non-repeatable levels by time:
   Orc:2: 2865 daAuts
   Elf:3: 2514 daAuts
   Elf:2: 2344 daAuts
 Snake:3: 2133 daAuts
 Snake:4: 1905 daAuts
     D:1: 1569 daAuts
     D:3: 1529 daAuts
  Lair:3: 1491 daAuts
 Snake:2: 1473 daAuts
     D:7: 1322 daAuts
     D:2: 1314 daAuts
  Lair:5: 1275 daAuts
    D:11: 1201 daAuts
  Lair:2: 1164 daAuts
    D:15: 1106 daAuts
